[Event "Live Chess"]
[Site "Chess.com"]
[Date "2023.05.21"]
[Round "-"]
[White "bedsdrout"]
[Black "PaulyD81"]
[Result "1-0"]
[WhiteElo "1645"]
[BlackElo "1185"]
[TimeControl "300"]
[EndTime "7:53:55 PDT"]
[Termination "bedsdrout won by checkmate"]

1. e4 d5 2. exd5 Qxd5 3. Nc3 Qa5 4. Nf3 Nf6 5. d4 Bf5 6. Bb5+ c6 7. Bd3 e6 8. Bxf5 Qxf5 9. Nh4 Qg4 10. f3 Qxh4+ 11.
g3 Qh5 12. Bf4 Qa5 13. O-O Be7 14. a3 O-O 15. b4 Qd8 16. Ne4 Nxe4 17. fxe4 Bd6 18.
Bxd6 Qxd6 19. e5 Qd5 20. c4 Qxc4 21. Rc1 Qd5 22. Rf4 Qd7 23. Rc3 Qc7 24. Qh5 g6 25. Qg5 Nd7 26. Rh4 f6 27. Qh6 fxe5 28. Qxh7# 1-0

[Event "Live Chess"]
[Site "Chess.com"]
[Date "2023.05.21"]
[Round "-"]
[White "whatnot126"]
[Black "davigator"]
[Result "0-1"]
[WhiteElo "2066"]
[BlackElo "2293"]
[TimeControl "300"]
[EndTime "7:53:58 PDT"]
[Termination "davigator won by resignation"]

1. e4 c5 2. c3 Nf6 3. e5 Nd5 4. d4 cxd4 5. cxd4 d6 6. exd6 Qxd6 7. Nf3 Nc6 8. Nc3 Bg4 9. Bc4 e6 10. O-O Be7 11. h3 Bh5 12. Bd2 Nb6 13. Bb5 O-O 14.
Bxc6 bxc6 15. Ne4 Qd5 16. Nc3 Qd8 17. Be3 Nc4 18. b3 Nxe3 19. fxe3 c5 20. Qd3 cxd4 21. Nxd4 Bg6 22. Qe2 Rc8 23. Rac1 Ba3 24. Qd2 Bxc1 25. Rxc1 Qa5 26. Nde2 Rfd8 27. Qb2 e5 28.
Rf1 f6 29. Kf2 Rd3 30. Na4 Rd2 31. Qa3 Qb5 32. Re1 h5 33. Qe7 Rcc2 34. Qe6+ Bf7 35. Qf5 Rxe2+ 36. Kf1 0-1

[Event "Live Chess"]
[Site "Chess.com"]
[Date "2023.05.21"]
[Round "-"]
[White "lord_cll"]
[Black "Rusty_Bridges"]
[Result "0-1"]
[WhiteElo "1206"]
[BlackElo "1506"]
[TimeControl "300"]
[EndTime "7:54:10 PDT"]
[Termination "Rusty_Bridges won on time"]

1. e4 d6 2. d4 Nf6 3. Bd3 Nbd7 4. c3 e5 5. Nf3 Be7 6. Be3 h6 7. h3 c6 8. Nbd2 Qc7 9. Qc2 Nf8 10. Nf1 Ne6 11. Ng3 Nf4 12. Bxf4 exf4 13. Nf5 Bxf5 14.
exf5 O-O-O 15. O-O g5 16. Kh2 g4 17. Nd2 gxh3 18.
Kxh3 Rdg8 19. f3 Rg3+ 20. Kh2 Rhg8 21. Rf2 Nd5 22. Ne4 Ne3 23. Qd2 R3g7 24. Rg1 Bh4 25. Re2 d5 26. Nc5 Bg3+ 27. Kh1 Rg5 28. Rc1 Rh5+ 29. Kg1 Bh2+ 30. Kf2 Rxg2+ 31. Ke1 Bg3+ 32.
Rf2 Rg1+ 33. Ke2 Bxf2 0-1

[Event "Live Chess"]
[Site "Chess.com"]
[Date "2023.05.21"]
[Round "-"]
[White "WelshTiger"]
[Black "WilliamofOrange16th"]
[Result "1-0"]
[WhiteElo "2340"]
[BlackElo "1866"]
[TimeControl "300"]
[EndTime "7:54:13 PDT"]
[Termination "WelshTiger won by checkmate"]

1. e4 d6 2. d4 Nf6 3. Nc3 Nbd7 4. Nf3 e5 5. g4 Nxg4 6. Rg1 Ngf6 7. Bc4 h6 8. Be3 c6 9. dxe5 dxe5 10. Qd3 Qa5 11.
O-O-O b5 12. Bb3 Ba6 13. Nd2 c5 14. Nd5 c4 15. Nxc4 bxc4 16. Bxc4 Bxc4 17. Qxc4 Nxd5 18. Rxd5 Qb4 19. Qc6 Rd8 20. Rgd1 Qe7 21. Bc5 Qe6 22. Bd6 f6 23. Qc7 Be7 24. Qxa7 Rf8 25. Bc7 Rc8 26.
Rxd7 Qxd7 27. Rxd7 Kxd7 28. Ba5+ Ke6 29. Qe3 Rc6 30. a3 Rfc8 31. c3 Bc5 32. Qh3+ Ke7 33. f3 Be3+ 34. Kc2 g6 35. Bb4+ Ke8 36. Qg4 Bg5 37.
h4 h5 38. Qg3 Bf4 39. Qxg6+ Kd7 40. Qf7+ Kd8 41. Qe7# 1-0

[Event "Live Chess"]
[Site "Chess.com"]
[Date "2023.05.21"]
[Round "-"]
[White "manthanit"]
[Black "Bob2pen"]
[Result "0-1"]
[WhiteElo "1100"]
[BlackElo "1880"]
[TimeControl "300"]
[EndTime "7:54:18 PDT"]
[Termination "Bob2pen won by checkmate"]

1. e4 e6 2. Nf3 d5 3. exd5 exd5 4. Bb5+ c6 5. Bd3 Bd6 6. c4 Nf6 7. cxd5 Nxd5 8. Nc3 Nf4 9. Bc2 Nxg2+ 10. Kf1 Bh3 11. Kg1 Qf6 12. Qe2+ Kf8 13. d4 Nf4 14. Ne4 Nxe2# 0-1

[Event "Live Chess"]
[Site "Chess.com"]
[Date "2023.05.21"]
[Round "-"]
[White "Dhaydon19"]
[Black "chessfiction"]
[Result "1-0"]
[WhiteElo "2693"]
[BlackElo "2296"]
[TimeControl "300"]
[EndTime "7:54:23 PDT"]
[Termination "Dhaydon19 won by resignation"]

1. d4 d5 2. Nf3 c6 3. g3 Nf6 4. Bg2 h5 5. O-O h4 6. Nxh4 Ne4 7. Nf3 Bh3 8. Bxh3 Rxh3 9. Kg2 Rh8 10. h4 Nd7 11. Nbd2 Ndf6 12. Nxe4 dxe4 13. Ne5 e6 14. Bg5 Bd6 15. Nc4 Bc7 16. c3 Qd5 17.
Ne3 Qd7 18. Qc2 O-O-O 19. Rh1 Rdg8 20. Bxf6 gxf6 21. Qxe4 f5 22. Qf3 f4 23. Nf1 fxg3 24.
Nxg3 f5 25. e3 Rg4 26. Rh3 Rhg8 27. Kf1 f4 28. exf4 Rxf4 29. Qe3 Rgf8 30. Re1 Qd5 31. Qxe6+ Qxe6 32. Rxe6 Rxf2+ 33. Kg1 Rxb2 34. Ne4 Rg8+ 35.
Kf1 Bh2 36. Ng5 Rf8+ 37. Rf3 Rxf3+ 38. Nxf3 Rxa2 39. h5 Bf4 40. h6 Bxh6 41. Rxh6 Rc2 42.
Ne5 Rxc3 43. Ke2 a5 44. Rh8+ Kc7 45. Rh7+ Kc8 46. Kd2 Rg3 47. Nc4 Kb8 48. Nxa5 Rb3 49.
Nxb3 1-0

[Event "Live Chess"]
[Site "Chess.com"]
[Date "2023.05.21"]
[Round "-"]
[White "EdenHazard8"]
[Black "JoshMcK"]
[Result "1-0"]
[WhiteElo "1926"]
[BlackElo "1561"]
[TimeControl "300"]
[EndTime "7:54:23 PDT"]
[Termination "EdenHazard8 won by resignation"]

1. e4 d6 2. d4 Nf6 3. Nc3 g6 4. f3 Bg7 5. Be3 O-O 6. Qd2 c6 7. O-O-O a5 8. h4 b5 9. Bh6 b4 10. Nb1 Bxh6 11. Qxh6 a4 12. h5 b3 13. cxb3 axb3 14.
a3 c5 15. hxg6 fxg6 16. d5 Qc7 17. Nh3 Na6 18. Ng5 Nb4 19. Nxh7 Na2+ 20. Kd2 Qa5+ 21.
Nc3 Bg4 22. Nxf6+ 1-0

[Event "Live Chess"]
[Site "Chess.com"]
[Date "2023.05.21"]
[Round "-"]
[White "educatedlad"]
[Black "grillage"]
[Result "1-0"]
[WhiteElo "1635"]
[BlackElo "1773"]
[TimeControl "300"]
[EndTime "7:54:27 PDT"]
[Termination "educatedlad won by resignation"]

1. e4 d5 2. exd5 Qxd5 3. Nc3 Qd8 4. d4 Nf6 5. Nf3 Bg4 6. h3 Bxf3 7. Qxf3 c6 8. Be3 e6 9. O-O-O Bb4 10. Ne2 Qd5 11. c4 Qxf3 12. gxf3 Nbd7 13. a3 Be7 14. Nc3 O-O-O 15.
Bg2 c5 16. d5 exd5 17. cxd5 Ne5 18. f4 Nc4 19. Rhe1 Bd6 20. Nb5 a6 21. Nxd6+ Nxd6 22. Bxc5 Kb8 23. Kb1 Nh5 24. Be3 f5 25. Rc1 Nf6 26. Bb6 Rc8 27. Rxc8+ Rxc8 28. Rc1 Re8 29. Bc7+ Ka7 30. Bxd6 Re2 31. Bf3 Rd2 32. h4 Nxd5 33.
Bxd5 Rxd5 34. Be5 g6 35. Rc7 Kb6 36. Rxh7 Rd1+ 37. Kc2 Rf1 38. Rg7 Kc6 39. Rxg6+ Kd5 40. Rd6+ Ke4 41. Rd2 Rh1 42. f3+ Kxf3 43. Rd3+ Ke4 44.
Rd4+ Kf3 45. Bf6 Re1 46. Rd1 Re2+ 47. Rd2 Re6 48. Be5 Rh6 49. Rh2 Kg3 50. Rh1 Kg2 51. Rd1 Rxh4 52. Rd2+ Kf3 53. Rd7 Rh2+ 54. Kb3 Re2 55.
Rxb7 Re3+ 56. Ka2 Re4 57. Rb3+ Kg4 58. Rb6 Rxf4 59. Bxf4 Kxf4 60. Rxa6 Ke3 61. Rf6 f4 62. Kb3 f3 63. Kc4 f2 64. Rxf2 Kxf2 65. b4 1-0

[Event "Live Chess"]
[Site "Chess.com"]
[Date "2023.05.21"]
[Round "-"]
[White "MartynColebrook"]
[Black "McSlash1"]
[Result "0-1"]
[WhiteElo "1320"]
[BlackElo "2008"]
[TimeControl "300"]
[EndTime "7:54:35 PDT"]
[Termination "McSlash1 won by resignation"]

1. e4 c5 2. Nf3 d6 3. d4 cxd4 4. Nxd4 Nf6 5. Nc3 g6 6. Be3 Bg7 7. Bc4 O-O 8. f4 Ng4 9. Bg1 Nc6 10. Nxc6 bxc6 11. h3 Nf6 12. e5 Ne8 13. Bd4 c5 14. Bd5 cxd4 15. Bxa8 dxc3 16. bxc3 Bf5 17. Bf3 Qc7 18. O-O dxe5 19. fxe5 Bxe5 20. c4 Bxa1 21. Qxa1 Qxc4 0-1

[Event "Live Chess"]
[Site "Chess.com"]
[Date "2023.05.21"]
[Round "-"]
[White "Crowded_House"]
[Black "CheckThis4"]
[Result "0-1"]
[WhiteElo "1608"]
[BlackElo "2529"]
[TimeControl "300"]
[EndTime "7:54:37 PDT"]
[Termination "CheckThis4 won by resignation"]

1. d4 Nf6 2. Bg5 c5 3. c3 cxd4 4. Qxd4 Nc6 5. Qd1 Ne4 6. Bh4 g5 7. Bg3 h5 8. h3 Nxg3 9. fxg3 Qc7 10. Qd3 Ne5 11. Qe3 Nc4 12. Qxg5 Bh6 13. Qh4 Nxb2 14.
Nf3 b6 15. Nd4 Bb7 16. e4 Qe5 17. Be2 Bg5 18. Nf3 Bxh4 19. Nxe5 Bxg3+ 20. Kd2 Bxe5 21. Bf3 Nc4+ 22. Kd3 Ba6 23. Kc2 Rc8 24. Nd2 Nxd2 25. Kxd2 Bxc3+ 26. Ke3 Bxa1 27. Rxa1 Rc3+ 0-1

[Event "Live Chess"]
[Site "Chess.com"]
[Date "2023.05.21"]
[Round "-"]
[White "Long1968"]
[Black "Man-Del-Brot"]
[Result "0-1"]
[WhiteElo "945"]
[BlackElo "1073"]
[TimeControl "300"]
[EndTime "7:54:44 PDT"]
[Termination "Man-Del-Brot won on time"]

1. e4 e5 2. f4 d6 3. Nf3 Bg4 4.
Bc4 Nc6 5. c3 Be7 6. O-O Nf6 7. d4 exd4 8. cxd4 O-O 9. e5 dxe5 10.
fxe5 Nd5 11. h3 Be6 12. Qc2 Ncb4 0-1

[Event "Live Chess"]
[Site "Chess.com"]
[Date "2023.05.21"]
[Round "-"]
[White "Leonid_Starozhilov"]
[Black "onemoretime1975"]
[Result "1-0"]
[WhiteElo "2638"]
[BlackElo "1849"]
[TimeControl "300"]
[EndTime "7:54:48 PDT"]
[Termination "Leonid_Starozhilov won by resignation"]

1. e4 e6 2. d4 d5 3. Nc3 Nf6 4. e5 Nfd7 5. Nce2 c5 6. c3 Nc6 7.
a3 b6 8. f4 Ba6 9. Nf3 Be7 10.
Ng3 Bxf1 11. Kxf1 g6 12. Kf2 h5 13. Be3 Rc8 14. Ne2 Bh4+ 15. g3 Be7 16. b4 cxd4 17. cxd4 O-O 18. h3 Kg7 19. g4 hxg4 20. hxg4 Rh8 21.
Qd3 Qc7 22. f5 gxf5 23. gxf5 Rxh1 24. f6+ Nxf6 25. exf6+ Bxf6 26. Rxh1 Rh8 27. Rxh8 Kxh8 28. Bf4 Qe7 29. Ng3 Bh4 30. Kg2 f5 31. Qc3 Nd8 32.
Be5+ Kh7 33. Qc8 Nf7 34. Nxh4 Qxh4 35. Qxe6 Qh3+ 36. Kxh3 Ng5+ 37. Kg2 Nxe6 38. Nxf5 1-0

[Event "Live Chess"]
[Site "Chess.com"]
[Date "2023.05.21"]
[Round "-"]
[White "OleksiyJr1"]
[Black "whatnot126"]
[Result "0-1"]
[WhiteElo "1034"]
[BlackElo "2066"]
[TimeControl "300"]
[EndTime "7:54:49 PDT"]
[Termination "whatnot126 won by resignation"]

1. e4 d6 2. Nf3 Nf6 3. e5 dxe5 4.
Nxe5 g6 5. Nf3 Bg7 6. Nc3 O-O 7. d3 c5 8. Bg5 Qb6 9. Rb1 Bg4 10. h3 Bxf3 11. Qxf3 Nc6 12. Be2 Nd4 13. Qf4 Nxc2+ 0-1

[Event "Live Chess"]
[Site "Chess.com"]
[Date "2023.05.21"]
[Round "-"]
[White "FlyingChessKestrel13"]
[Black "NatashaRegan"]
[Result "1-0"]
[WhiteElo "2050"]
[BlackElo "1710"]
[TimeControl "300"]
[EndTime "7:55:36 PDT"]
[Termination "FlyingChessKestrel13 won by resignation"]

1. e4 e5 2. Nf3 Nc6 3. Bb5 Nge7 4.
O-O g6 5. c3 a6 6. Ba4 Bg7 7. Bb3 d5 8. exd5 Nxd5 9. d4 e4 10.
Nfd2 Bf5 11. Nxe4 Bxe4 12. Re1 O-O 13. Rxe4 Nf6 14. Re3 Qd6 15. Nd2 Rad8 16. Ne4 Nxe4 17. Rxe4 Kh8 18. Rh4 f5 19. Bh6 Bxh6 20. Rxh6 Qf4 21.
Rh3 Ne5 22. Qc1 Nd3 23. Rxd3 1-0

[Event "Live Chess"]
[Site "Chess.com"]
[Date "2023.05.21"]
[Round "-"]
[White "NotHarryV"]
[Black "SupremeTactician"]
[Result "0-1"]
[WhiteElo "1502"]
[BlackElo "2208"]
[TimeControl "300"]
[EndTime "7:55:42 PDT"]
[Termination "SupremeTactician won by resignation"]

1. d4 Nf6 2. c4 e6 3. Nf3 Bb4+ 4.
Bd2 a5 5. g3 O-O 6. Bg2 b6 7.
O-O Bb7 8. Bg5 h6 9. Bxf6 Qxf6 10. h4 d6 11. Qd3 d5 12. a3 Be7 13. Nc3 Nd7 14.
cxd5 exd5 15. Ne5 Nxe5 16. dxe5 Qxe5 17. Nxd5 Bxd5 18. Qxd5 Qxd5 19. Bxd5 Rad8 20. Bf3 Bf6 21. Rab1 Rd2 22. b3 Rfd8 23. a4 c5 24. Rfc1 Bb2 25. Rc4 Bd4 26. Kf1 Be5 27. Ke1 Ra2 28. Re4 Bc3+ 29.
Kf1 Kf8 30. Re3 Bb4 31. Rd3 Rxd3 32. exd3 Rd2 33. Be4 g6 34. g4 Ke7 35. Kg2 Ke6 36. Re1 Kd6 37. Kf3 Rb2 38. Re3 Rxb3 39. Kf4 Bd2 0-1

[Event "Live Chess"]
[Site "Chess.com"]
[Date "2023.05.21"]
[Round "-"]
[White "WilliamofOrange16th"]
[Black "chessfiction"]
[Result "0-1"]
[WhiteElo "1865"]
[BlackElo "2297"]
[TimeControl "300"]
[EndTime "7:55:43 PDT"]
[Termination "chessfiction won by resignation"]

1. e4 d5 2. exd5 c6 3. dxc6 e5 4. cxb7 Bxb7 5. d3 Bc5 6. Nf3 Qb6 7. Qe2 Nc6 8. Nc3 O-O-O 9. Ne4 Nf6 10. Nxc5 Qxc5 11.
c3 e4 12. dxe4 Nxe4 13. Be3 Qa5 14. Nd4 Nxc3 15. Bd2 Nxe2 16. Bxa5 Nexd4 0-1

[Event "Live Chess"]
[Site "Chess.com"]
[Date "2023.05.21"]
[Round "-"]
[White "Bot_Boy"]
[Black "defenderalist"]
[Result "0-1"]
[WhiteElo "332"]
[BlackElo "1629"]
[TimeControl "300"]
[EndTime "7:56:00 PDT"]
[Termination "defenderalist won on time"]

1. e4 c5 2. Nf3 Nc6 3. Bc4 e6 4. Nc3 Nf6 5. d3 d6 6. Bg5 Be7 7. Bb3 a6 8. a4 h6 9. Bxf6 Bxf6 10. h4 e5 11. Qd2 Bg4 12. h5 Bxf3 13. gxf3 Nd4 14. Rh3 Bg5 15. Qd1 Nxb3 16. cxb3 O-O 17. a5 f5 18. Nd5 fxe4 19. dxe4 b5 20. Nb6 Rb8 21. Qd5+ Kh8 22. Rd1 Qf6 23. Qxd6 Qxd6 24. Rxd6 Rbd8 25. Nd7 Rf7 0-1

[Event "Live Chess"]
[Site "Chess.com"]
[Date "2023.05.21"]
[Round "-"]
[White "domrobson"]
[Black "Mugzwang"]
[Result "1-0"]
[WhiteElo "1758"]
[BlackElo "1458"]
[TimeControl "300"]
[EndTime "7:56:03 PDT"]
[Termination "domrobson won by resignation"]

1. d4 d5 2. c4 dxc4 3. Nf3 Nf6 4. e3 Bg4 5. Bxc4 e6 6. Nbd2 Bb4 7. O-O O-O 8. Qb3 Nc6 9. Ne5 Bxd2 10. Nxg4 Nxg4 11.
Bxd2 Qd6 12. g3 b6 13. Bb5 Nf6 14. Rac1 Na5 15. Qa4 Rab8 16. Bb4 Qd8 17. Bxf8 Kxf8 18. b4 Nb7 19. Qxa7 Nd6 20. Bc6 Nfe4 21. Bxe4 Nxe4 22.
Rxc7 Nd6 23. Rfc1 Qe8 24. e4 Nb5 25. Qxb8 Qxb8 26. Rc8+ Qxc8 27. Rxc8+ Ke7 28. d5 exd5 29. exd5 Nc3 30. Rxc3 1-0

[Event "Live Chess"]
[Site "Chess.com"]
[Date "2023.05.21"]
[Round "-"]
[White "SimpleHarmonic1"]
[Black "Duke_of_Bebington"]
[Result "1-0"]
[WhiteElo "2049"]
[BlackElo "1554"]
[TimeControl "300"]
[EndTime "7:56:16 PDT"]
[Termination "SimpleHarmonic1 won by checkmate"]

1. d4 d5 2. c4 c6 3. Nc3 e5 4.
cxd5 cxd5 5. e3 Nc6 6. Bb5 Bd7 7. dxe5 Nxe5 8. Bxd7+ Qxd7 9. Nf3 Nxf3+ 10. gxf3 Nf6 11. Bd2 Bc5 12. Ne2 O-O 13. Rg1 Qf5 14. Ng3 Qd3 15. Bc3 Qxd1+ 16. Rxd1 Nd7 17. Nh5 g6 18. Nf6+ Nxf6 19. Bxf6 Rfe8 20. Ke2 d4 21. Bxd4 Bxd4 22. Rxd4 Rac8 23. Rd2 Rc5 24. Rgd1 Rh5 25. Rh1 Ra5 26. a3 Rb5 27. h4 Rc8 28. f4 Rcc5 29.
Kf3 Rb3 30. Kg4 Rcb5 31. h5 Rxb2 32. Rd8+ Kg7 33. h6+ Kf6 34. Rd6+ Ke7 35. Rhd1 Rxf2 36. Rd7+ Kf6 37. R1d6# 1-0

[Event "Live Chess"]
[Site "Chess.com"]
[Date "2023.05.21"]
[Round "-"]
[White "WelshTiger"]
[Black "Rusty_Bridges"]
[Result "1-0"]
[WhiteElo "2340"]
[BlackElo "1506"]
[TimeControl "300"]
[EndTime "7:56:21 PDT"]
[Termination "WelshTiger won by resignation"]

1. e4 d6 2. d4 Nf6 3. Nc3 Nbd7 4. Nf3 e5 5. g4 Nxg4 6. Rg1 Ngf6 7. Bc4 h6 8. Be3 b6 9. dxe5 dxe5 10. Qd3 Bb7 11. O-O-O g5 12. h4 g4 13. Nh2 h5 14. Nf1 Nc5 15. Qe2 Nfxe4 16. Rxd8+ 1-0

[Event "Live Chess"]
[Site "Chess.com"]
[Date "2023.05.21"]
[Round "-"]
[White "Ed_Knox"]
[Black "AttackingSnowLeopard"]
[Result "0-1"]
[WhiteElo "1475"]
[BlackElo "2156"]
[TimeControl "300"]
[EndTime "7:56:31 PDT"]
[Termination "AttackingSnowLeopard won by checkmate"]

1. d4 d5 2. Bf4 Nf6 3. e3 c5 4. Nf3 Nc6 5. Nbd2 Qb6 6. Qc1 cxd4 7. exd4 Nxd4 8. Nxd4 Qxd4 9. Be3 Qb4 10. c3 Qa5 11. b4 Qc7 12. Bb5+ Bd7 13. Bxd7+ Nxd7 14. O-O e6 15. a4 Bd6 16. Nf3 Ne5 17. Nxe5 Bxe5 18. h3 Qxc3 19. Qxc3 Bxc3 20. Rab1 O-O 21. Bc5 Rfd8 22. Rfc1 d4 23. Rd1 Rd7 24. Rbc1 Rd5 25. a5 f5 26. g4 Kf7 27. gxf5 Rxf5 28. Bxd4 Bxd4 29. Rxd4 Rd5 30. Rf4+ Ke7 31. Rc7+ Rd7 32. Rf7+ Kxf7 33. Rxd7+ Kf6 34. Rxb7 a6 35. b5 axb5 36. Rxb5 e5 37. Rb6+ Kf5 38. a6 Rc8 39. Rb7 Kf6 40. a7 Rc1+ 41. Kg2 Ra1 42. Kg3 h5 43. Kh4 g6 44.
Kg3 Ra3+ 45. f3 e4 46. Kf4 exf3 47. Rb6+ Kg7 48. Kg5 Ra5+ 49. Rb5 Rxb5+ 50. Kf4 Rf5+ 51. Ke3 Rf8 52. h4 f2 53. a8=Q Rxa8 54. Kxf2 Ra3 55.
Kg2 Kf6 56. Kh2 Kf5 57. Kh1 Kg4 58. Kg1 Kxh4 59. Kf2 Kg4 60. Kg2 Ra2+ 61. Kh1 Kg3 62. Kg1 Ra1# 0-1

[Event "Live Chess"]
[Site "Chess.com"]
[Date "2023.05.21"]
[Round "-"]
[White "f4nomore"]
[Black "wadsy27"]
[Result "0-1"]
[WhiteElo "1406"]
[BlackElo "2539"]
[TimeControl "300"]
[EndTime "7:56:32 PDT"]
[Termination "wadsy27 won by resignation"]

1. e4 e6 2. Nf3 d5 3. e5 c5 4. c3 Nc6 5. d4 Qb6 6. Na3 cxd4 7. Nxd4 Nxe5 8. Bb5+ Bd7 9. Bxd7+ Nxd7 10. O-O Ngf6 11. Be3 Qd8 12. Nac2 Bd6 13. Nf3 O-O 14. Ncd4 Ne5 15.
Nxe5 Bxe5 16. Qf3 a6 17. Qh3 Qc7 18. g3 b5 19. f4 Bd6 20. Nf3 Bc5 21. Bxc5 Qxc5+ 22.
Nd4 b4 23. Rac1 bxc3 24. bxc3 Ne4 25. Kh1 Rab8 26. f5 e5 27. Nb3 Nf2+ 28. Rxf2 Qxf2 29. Rf1 Qc2 30. Nc5 Rb2 31. Nd7 Qe4+ 32. Kg1 Rd8 33. Nc5 Qe3+ 0-1

[Event "Live Chess"]
[Site "Chess.com"]
[Date "2023.05.21"]
[Round "-"]
[White "wot-not"]
[Black "Olisingapore"]
[Result "0-1"]
[WhiteElo "1518"]
[BlackElo "1788"]
[TimeControl "300"]
[EndTime "7:56:34 PDT"]
[Termination "Olisingapore won by checkmate"]

1. e4 c5 2. f4 d6 3. Nf3 Nc6 4.
Bb5 g6 5. O-O Bg7 6. e5 Bd7 7. d4 cxd4 8. Bxc6 Bxc6 9. Nxd4 Qb6 10. Kh1 dxe5 11. fxe5 Rd8 12. c3 Bxe5 13. Qg4 Nf6 14. Qh4 O-O 15. Bh6 Rfe8 16. Nd2 Qxb2 17. N2f3 Bxd4 18. Nxd4 Rxd4 19. cxd4 Qxg2# 0-1

[Event "Live Chess"]
[Site "Chess.com"]
[Date "2023.05.21"]
[Round "-"]
[White "peleus16"]
[Black "MarkLim1"]
[Result "0-1"]
[WhiteElo "1679"]
[BlackElo "1724"]
[TimeControl "300"]
[EndTime "7:56:45 PDT"]
[Termination "MarkLim1 won on time"]

1. d4 c6 2. e4 d5 3. exd5 cxd5 4. c4 Nf6 5. Nf3 e6 6. c5 b6 7. b4 a5 8. Bd2 axb4 9. Bxb4 bxc5 10. Bxc5 Qa5+ 11.
Nbd2 Bxc5 12. dxc5 O-O 13. Bd3 Qxc5 14. O-O Ba6 15. Rc1 Qd6 16. Qa4 Bxd3 17. Qxa8 Bxf1 18. Nxf1 Nbd7 19. Qa7 h6 20. a4 Ne4 21. a5 Ndc5 22.
N3d2 Nxf2 23. Qxc5 Nh3+ 24. gxh3 Qf4 25. Qf2 Qa4 26. Nf3 Qxa5 27. Ne5 Qa3 28. Rc7 f6 29. Ng6 Rf7 30. Rxf7 Kxf7 31. Nh4 Qb4 32. Qa7+ Kg8 33.
Qa8+ Kh7 34. Qe8 Qd4+ 0-1

[Event "Live Chess"]
[Site "Chess.com"]
[Date "2023.05.21"]
[Round "-"]
[White "ZackirtyChess"]
[Black "Hacker_2009"]
[Result "1/2-1/2"]
[WhiteElo "1197"]
[BlackElo "1955"]
[TimeControl "300"]
[EndTime "7:57:07 PDT"]
[Termination "Game drawn by stalemate"]

1. d4 Nf6 2. c4 e6 3. Nc3 d5 4. Bg5 Be7 5. Nf3 O-O 6. e3 b6 7. Bd3 Bb7 8. O-O c5 9. dxc5 Bxc5 10. cxd5 exd5 11. e4 Be7 12. exd5 Nxd5 13. Nxd5 Bxd5 14. Qd2 Bxf3 15. Bxe7 Qxe7 16. gxf3 Nc6 17. Kh1 Rfd8 18. Rg1 Qf6 19. Rad1 Qxf3+ 20. Rg2 Ne5 21. Re1 Nxd3 22. Re3 Qf5 23. Rxg7+ Kxg7 24. Rg3+ Kh8 25. Qc3+ Qe5 26. Rxd3 Qxc3 27. Rxc3 Rd2 28. Kg2 Rxb2 29. Kg3 Rxa2 30.
Kg4 Kg7 31. Kg5 Rxf2 32. Rg3 Rf6 33. Kh5+ Rg6 34. Rd3 Re8 35. Rd5 Re2 36. h4 a5 37. Rf5 Rc2 38. Rxf7+ Kg8 39. Rf8+ Kg7 40. Rf7+ Kg8 41. Rf8+ Kxf8 1/2-1/2

[Event "Live Chess"]
[Site "Chess.com"]
[Date "2023.05.21"]
[Round "-"]
[White "BillythekidFellowes"]
[Black "Biranidun"]
[Result "0-1"]
[WhiteElo "2113"]
[BlackElo "2520"]
[TimeControl "300"]
[EndTime "7:57:07 PDT"]
[Termination "Biranidun won by resignation"]

1. e4 c5 2. Nf3 d6 3. d4 cxd4 4. Qxd4 Nc6 5. Bb5 Bd7 6. Bxc6 Bxc6 7. Nc3 Nf6 8. Bg5 e6 9. O-O-O Be7 10. Rhe1 O-O 11.
Qd3 Qa5 12. Kb1 h6 13. Bh4 Qa6 14. Qxa6 bxa6 15. Nd4 Bb7 16. f4 Rfe8 17. Nb3 Rac8 18. e5 dxe5 19. fxe5 Nd5 20. Bxe7 Nxc3+ 21. bxc3 Rxe7 22.
Kb2 Bxg2 23. Rg1 Bd5 24. Rd3 Rb7 25. Rdg3 g6 26. h4 h5 27. Rg5 a5 28. a4 Kh7 29.
R5g3 Rc4 30. Ka3 Rbc7 31. Nxa5 Rxc3+ 32. Rxc3 Rxc3+ 33. Kb2 Rh3 34. Rf1 Kg7 35. c4 Be4 36. c5 Rxh4 37. c6 Bd3 38. Rd1 Ba6 39. Ka3 Re4 40. Rd7 Rxe5 41. Kb4 Re4+ 42. Kc5 Rxa4 43. Nb7 Rc4+ 44. Kd6 Bb5 45. Na5 Rd4+ 46. Ke7 Rxd7+ 47.
cxd7 Bxd7 48. Kxd7 h4 49. Kd6 h3 50. Nc4 h2 51. Ne5 0-1

[Event "Live Chess"]
[Site "Chess.com"]
[Date "2023.05.21"]
[Round "-"]
[White "OleksiyJr1"]
[Black "bedsdrout"]
[Result "0-1"]
[WhiteElo "1033"]
[BlackElo "1647"]
[TimeControl "300"]
[EndTime "7:57:11 PDT"]
[Termination "bedsdrout won by resignation"]

1. e4 e5 2. Nf3 f5 3. exf5 Nc6 4.
Bb5 Qe7 5. Qe2 Nb4 6. O-O Nxc2 7. Qxe5 Qxe5 8. Nxe5 Nxa1 9. Bd3 Bc5 10. Nc3 Ne7 11. Re1 O-O 12. Bb5 Nc2 13. Re4 c6 14. Bd3 d5 15.
Rg4 Ne1 16. Be2 Bxf5 17. Rf4 Bd6 0-1

[Event "Live Chess"]
[Site "Chess.com"]
[Date "2023.05.21"]
[Round "-"]
[White "Inglaterra"]
[Black "ShanthamGrarks"]
[Result "1-0"]
[WhiteElo "2052"]
[BlackElo "1952"]
[TimeControl "300"]
[EndTime "7:57:20 PDT"]
[Termination "Inglaterra won by resignation"]

1. e4 e5 2. Nf3 d5 3. Nxe5 Bd6 4. d4 dxe4 5. Nc4 Nf6 6. Nxd6+ cxd6 7. Be2 O-O 8. O-O d5 9. c4 dxc4 10. Bxc4 Nc6 11. Be3 Bg4 12. Qd2 Bh5 13. Nc3 Ng4 14.
Nxe4 Qh4 15. Bf4 Bg6 16. Nc5 Rad8 17. h3 Rxd4 18. Qc1 Nge5 19. Bxe5 Nxe5 20. Be2 Bf5 21. Qe3 Rfd8 22. Qxe5 R4d5 23. Qe3 b6 24. Nb3 Be6 25.
Rad1 Rxd1 26. Rxd1 Rxd1+ 27. Bxd1 Qf6 28. Qc3 Qd8 29.
Bf3 g6 30. a3 a5 31. Nd4 Bd5 32. Nc6 Bxc6 33. Qxc6 h5 34. Qa8 Qxa8 35. Bxa8 Kg7 36.
Kf1 Kf6 37. Ke2 Ke5 38. Ke3 f5 39. f4+ Kd6 40. Kd4 1-0

[Event "Live Chess"]
[Site "Chess.com"]
[Date "2023.05.21"]
[Round "-"]
[White "YrrriKharkiv"]
[Black "AMCWAML"]
[Result "1/2-1/2"]
[WhiteElo "2051"]
[BlackElo "2244"]
[TimeControl "300"]
[EndTime "7:57:25 PDT"]
[Termination "Game drawn - insufficient material"]

1. d4 Nf6 2. c4 e6 3. Nf3 c5 4. d5 exd5 5. cxd5 d6 6. Nc3 g6 7. Bg5 Bg7 8. e4 h6 9. Bf4 Bg4 10. Bb5+ Nbd7 11. Bxd6 a6 12. Ba4 b5 13.
Bc2 Qb6 14. e5 Nh5 15. h3 Bxf3 16. Qxf3 Nxe5 17. Bxe5 Bxe5 18. O-O O-O 19. Rfe1 Bg7 20. Rad1 Qd6 21. Ne4 Qe5 22. b3 Rad8 23. Nxc5 Qb2 24. Bb1 Qa3 25. Ne4 Be5 26. Ng3 Bxg3 27. fxg3 Rd6 28.
Rf1 Nf6 29. Qd3 Rfd8 30. Qd4 Nxd5 31. Qd2 Qc5+ 32. Qf2 Qxf2+ 33. Rxf2 Ne3 34. Rxd6 Rxd6 35. Bc2 Kg7 36. Re2 Re6 37. Bd3 Kf6 38. Kf2 Nd1+ 39. Ke1 Nc3 40. Rxe6+ Kxe6 41. a3 Ke5 42. Kd2 Kd4 43.
a4 bxa4 44. bxa4 a5 45. Bc2 g5 46. h4 Nd5 47. hxg5 hxg5 48. Bb3 f5 49. Ke2 f4 50. gxf4 gxf4 51. Kf3 Ne3 52. g3 fxg3 53. Kxg3 Nd5 54. Kf2 Nc3 55. Ke1 Kc5 56. Kd2 Kb4 57. Bc2 Nxa4 58. Bxa4 Kxa4 59. Kc2 Ka3 60. Kb1 Kb3 61. Ka1 a4 62. Kb1 a3 63. Ka1 Ka4 64. Kb1 Kb4 65.
Ka1 Kc4 66. Kb1 Kc5 67. Ka1 Kb5 68. Kb1 Ka5 69. Ka1 Kb4 70. Kb1 Kb5 71. Ka2 Ka4 72. Ka1 Kb3 73. Kb1 Kb4 74. Ka1 Ka4 75. Ka2 Ka5 76. Kxa3 1/2-1/2